Map: Lerilak Crest

Players

LilDicky

  • Race: Terran Terran
  • League: Diamond

RefsiuL - Winner!

  • Race: Zerg Zerg
  • League: Diamond

VOD

http://www.twitch.tv/tumescentpie

Description

Time

  • Played on: Dec. 8, 2015, 8:49 p.m.
  • Length: 10:49
Show
View Real Time Build Order
Export as new Build Order

LilDicky Terran 

Build Orders: Reaper Expand 

Get SALT Encoding   

  12  0:02  SCV  
  13  0:14  SCV  
  14  0:17  Supply Depot  
  14  0:32  SCV  
  14  0:35  Refinery  
  15  0:45  Barracks  
  15  0:46  SCV  
  16  0:58  SCV  
  17  1:12  SCV  
  18  1:24  SCV  
  19  1:31  Command Center  
  19  1:37  Reaper  
  20  1:50  Orbital Command  
  20  1:57  Supply Depot  
  20  2:05  Factory  
  20  2:09  Marine  
  21  2:17  Refinery  
  21  2:18  SCV  
  22  2:29  Bunker  
  22  2:30  Marine  
  22  2:32  SCV  
  24  2:50  Factory Tech Lab  
  24  2:52  Armory  
  24  2:54  SCV  
  25  3:02  Starport  
  26  3:11  Orbital Command  
  25  3:14  SCV  
  25  3:17  Marine  
  27  3:31  SCV  
  28  3:35  Marine  
  28  3:41  Thor  
  29  3:44  SCV  
  29  3:45  SCV  
  37  3:56  Medivac  
  37  3:59  SCV  
  40  4:03  SCV  
  41  4:11  SCV  
  41  4:15  SCV  
  43  4:21  Supply Depot  
  43  4:23  SCV  
  44  4:27  SCV  
  44  4:29  Liberator  
  45  4:32  Supply Depot, Siege Tank  
  45  4:33  Marine  
  45  4:35  SCV  
  50  4:39  SCV  
  51  4:47  SCV  
  51  4:50  Marine  
  56  4:59  Supply Depot  
  56  5:30  Marine  
  57  5:47  Marine  
  57  5:48  SCV  
  57  5:49  SCV  
  64  6:04  SCV x2  
  64  6:05  Command Center, Marine  
  64  6:06  Barracks x2  
  64  6:07  Refinery  
  64  6:08  Refinery  
  64  6:09  Barracks  
  66  6:11  Supply Depot  
  66  6:12  Supply Depot x2  
  66  6:16  SCV  
  64  6:18  Thor  
  64  6:20  SCV, Medivac  
  64  6:23  Marine  
  74  6:28  SCV  
  72  6:43  SCV  
  73  6:52  Barracks Tech Lab  
  73  7:10  SCV  
  73  7:11  Thor  
  73  7:13  Barracks Reactor, Barracks Tech Lab  
  73  7:14  Barracks Reactor  
  73  7:15  Stimpack, Marine  
  81  7:16  Starport Reactor  
  81  7:19  SCV  
  82  7:24  SCV  
  83  7:31  SCV  
  83  7:33  Terran Vehicle And Ship Armor Level 1  
  83  7:36  SCV  
  85  7:38  Orbital Command  
  85  7:43  Combat Shields, Liberator x2, Marine x2  
  87  7:47  SCV  
  87  7:48  SCV  
  89  7:51  Engineering Bay  
  91  7:59  SCV  
  91  8:00  SCV, Marine  
  91  8:01  Marine  
  91  8:03  Marine x4  
  91  8:04  SCV  
  104  8:08  Refinery  
  104  8:09  Refinery  
  104  8:11  SCV  
  104  8:12  SCV  
  106  8:14  Engineering Bay  
  106  8:18  Marine x2  
  108  8:21  Marine x4  
  112  8:36  Marine x2  
  112  8:38  Marine  
  112  8:39  Marine x2  
  61  9:06  Marine x2  
  60  9:14  Orbital Command, Marine x2  
  60  9:15  Thor, Marine x2  
  59  9:24  Marine  
  49  9:34  SCV x2, Marine x3  
  49  9:35  Marine  
  55  9:46  SCV x2  
  55  9:52  SCV  
  58  9:55  Marine x3  
  58  9:56  Marauder, Marine x2  
  58  9:58  SCV x2  
  58  9:59  Command Center  
  67  10:00  Thor  
  67  10:01  Medivac  
  67  10:04  SCV  
  67  10:05  Medivac  
  78  10:13  Marine x2  
  82  10:14  Marauder  
  82  10:18  Marauder  
  83  10:29  Marine x2  
  83  10:30  Marine  
Show
View Real Time Build Order
Export as new Build Order

RefsiuL Zerg - Winner!

Build Orders: Hatch First 

Get SALT Encoding   

  12  0:01  Drone  
  13  0:08  Drone  
  14  0:16  Overlord  
  14  0:23  Extractor  
  14  0:24  Drone  
  15  0:37  Drone x2  
  17  0:52  Hatchery  
  17  0:55  Drone  
  17  1:00  Drone  
  18  1:13  Spawning Pool  
  18  1:15  Drone  
  18  1:18  Drone  
  19  1:42  Hatchery  
  19  1:46  Drone  
  19  1:48  Extractor  
  19  1:49  Overlord  
  18  2:05  Drone  
  18  2:06  Queen  
  21  2:11  Drone x3  
  24  2:16  Zergling x2  
  25  2:26  Zergling x4  
  27  2:44  Extractor  
  27  2:50  Drone x4  
  31  2:53  Queen  
  31  2:58  Queen  
  35  2:59  Drone x3  
  38  3:11  Drone x3  
  41  3:16  Overlord  
  41  3:24  Metabolic Boost  
  41  3:34  Overlord  
  41  3:35  Drone x5  
  41  3:36  Drone  
  47  3:45  Roach Warren  
  47  3:47  Drone  
  47  3:48  Drone x3  
  50  3:50  Extractor  
  50  3:52  Extractor  
  48  4:00  Drone  
  48  4:01  Drone x3  
  52  4:10  Overlord x2  
  52  4:11  Drone x2  
  52  4:12  Drone  
  52  4:17  Drone x3  
  58  4:28  Queen  
  58  4:29  Drone x3  
  63  4:36  Roach x2, Extractor  
  63  4:37  Roach x3  
  63  4:38  Roach  
  74  4:42  Overlord  
  74  4:43  Overlord  
  71  5:03  Roach x5  
  71  5:04  Roach x3  
  80  5:12  Roach x4  
  84  5:32  Roach x3  
  90  5:36  Lair  
  87  5:55  Drone x2  
  89  6:10  Ravager  
  89  6:12  Ravager  
  89  6:16  Hatchery, Overlord x5  
  86  6:30  Ravager x2  
  86  6:31  Ravager  
  89  6:41  Drone  
  89  6:42  Drone x6  
  96  6:47  Hatchery, Glial Reconstitution  
  96  6:48  Queen  
  96  6:51  Extractor  
  96  6:53  Drone  
  97  6:54  Overlord x2  
  97  6:55  Roach x3  
  97  6:57  Ravager  
  97  7:01  Queen  
  104  7:03  Drone x2  
  108  7:17  Roach x7  
  122  7:24  Drone  
  122  7:25  Evolution Chamber  
  122  7:26  Evolution Chamber, Drone x2  
  123  7:40  Roach x2  
  123  7:41  Roach x3  
  133  7:48  Drone  
  133  7:49  Drone x2  
  133  7:51  Drone x3  
  137  7:52  Queen  
  137  7:56  Infestation Pit  
  137  7:57  Zerg Missile Weapons Level 1, Zerg Ground Armor Level 1  
  140  8:04  Roach x4  
  149  8:05  Drone x2  
  149  8:06  Drone  
  151  8:15  Roach  
  151  8:16  Roach x2  
  126  8:58  Roach x7  
  126  8:59  Roach x12  
  126  9:00  Roach x3  
  136  9:18  Roach  
  136  9:19  Roach x5  
  136  9:21  Roach  
  136  9:22  Roach x4  
  156  9:25  Drone  
  156  9:26  Drone x2  
  146  9:45  Ravager  
  146  9:46  Ravager x3  
  146  9:50  Drone x4  
  146  9:51  Drone  
  155  9:54  Extractor  
  155  9:55  Drone x2  
  155  9:56  Drone x2  
  155  9:57  Extractor  
  155  9:59  Extractor  
  156  10:02  Hatchery  
  156  10:04  Ravager x3  
  158  10:11  Hatchery  
  157  10:16  Spire  
Tags
 
Add a new tag
Caveats
  • Supply blocks, unpowered buildings, or Contaminate may cause inaccurate times.
  • Supply counts are checked every 10 seconds.